 Dungeon Crawl Stone Soup version 0.21.0 (webtiles) character file.

2319 tidbits the Covert (level 9, -4/38 HPs)
             Began as a Felid Earth Elementalist on Jan 6, 2018.
             Was a Priest of Cheibriados.
             Killed from afar by an orc wizard (8 damage)
             ... with a magic dart
             ... on level 9 of the Dungeon.
             The game lasted 00:30:26 (3241 turns).

tidbits the Covert (Felid Earth Elementalist)       Turns: 3241, Time: 00:30:26

Health: -4/38      AC:  2    Str: 15    XL:     9   Next: 18%
Magic:  12/24      EV: 19    Int: 24    God:    Cheibriados [***...]
Gold:   380        SH:  0    Dex: 25    Spells: 4/14 levels left
                                        Lives:  0   Deaths: 2

rFire    . . .     SeeInvis +     - Unarmed
rCold    . . .     Gourm    .   (shield unavailable)
rNeg     . . .     Faith    .   (armour unavailable)
rPois    .         Spirit   .   (helmet unavailable)
rElec    .         Reflect  .   (cloak unavailable)
rCorr    .         Harm     .   (gloves unavailable)
MR       +....                  (boots unavailable)
Stlth    +++++.....             (no amulet)
HPRegen  0.12/turn              g - ring of magical power
MPRegen  0.19/turn              W - ring of wizardry

@: hasted, quick
A: very small, no armour, no weapons or thrown items, stealth, claws 1, fangs 3,
see invisible, carnivore, speed 1, shaggy fur 2, slow metabolism 1, sharp paws
a: Bend Time, Temporal Distortion, Renounce Religion


You were on level 9 of the Dungeon.
You worshipped Cheibriados.
Cheibriados was most pleased with you.
You were not hungry.

You visited 1 branch of the dungeon, and saw 9 of its levels.

You collected 380 gold pieces.

Inventory:

Missiles
 b - 82 stones
 r - 106 arrows
Jewellery
 g - a ring of magical power (left paw)
   (You found it on level 6 of the Dungeon)
 W - a ring of wizardry (right paw)
   (You found it on level 8 of the Dungeon)
Wands
 s - a wand of flame (11)
Scrolls
 a - a scroll of silence {unknown}
 e - a scroll of identify {unknown}
 f - a scroll of immolation {unknown}
 h - a scroll of enchant weapon {unknown}
 i - a scroll of fog {unknown}
 j - a scroll of random uselessness {unknown}
 k - a scroll of enchant armour {unknown}
 l - a scroll of blinking {unknown}
 q - a scroll of fear {unknown}
 t - 3 scrolls of magic mapping
 u - 2 scrolls of amnesia {unknown}
 v - a scroll of noise {unknown}
Potions
 m - a potion of resistance
 n - a potion of haste
 p - a potion of degeneration
 w - a potion of mutation {unknown}
Books
 d - a book of Geomancy

   Spells                             Type                      Level
   a - Sandblast                      Earth                        1
   b - Passwall                       Transmutation/Earth          2
   c - Stone Arrow                    Conjuration/Earth            3
   d - Petrify                        Transmutation/Earth          4
   e - Lee's Rapid Deconstruction     Earth                        5
 o - a book of Clouds
   (You found it on level 7 of the Dungeon)

   Spells                             Type                      Level
   a - Poisonous Vapours              Poison/Air                   2
   b - Mephitic Cloud                 Conjuration/Poison/Air       3
   c - Conjure Flame                  Conjuration/Fire             3
   d - Freezing Cloud                 Conjuration/Ice/Air          6
   e - Ring of Flames                 Charms/Fire                  7
Comestibles
 c - 14 rations


   Skills:
 - Level 3.3 Fighting
 - Level 2.8 Dodging
 - Level 9.7 Stealth
 - Level 7.6 Unarmed Combat
 + Level 3.4 Spellcasting
 + Level 6.2 Transmutations
 + Level 5.8 Earth Magic


You had 4 spell levels left.
You knew the following spells:

 Your Spells              Type           Power        Failure   Level  Hunger
a - Sandblast             Erth           ####..       1%          1    None
e - Petrify               Tmut/Erth      ####....     3%          4    ####...
m - Mephitic Cloud        Conj/Pois/Air  #.......     12%         3    ###....
p - Passwall              Tmut/Erth      ####......   1%          2    #......


Dungeon Overview and Level Annotations

Branches:
Dungeon (9/15)             Temple (0/1) D:4
   Lair: D:8-11         Orc: D:9-12

Altars:
Ashenzari
Cheibriados
Dithmenos
Gozag
Vehumet
Wu Jian
Xom

Annotations:
D:5 p0werm0de's ghost, amateur DrFE
D:8 Erica; Thaneod's ghost, novice TrBe


Innate Abilities, Weirdness & Mutations

You cannot wear armour.
You are incapable of wielding weapons or throwing items.
Your paws allow you to move quietly. (Stealth)
You have sharp claws.
You have razor-sharp teeth.
You have supernaturally acute eyesight. (SInv)
You are carnivorous and can eat meat at any time.
You cover ground quickly.
You are covered in thick fur. (AC +2)
You have a slow metabolism.
Your sharp claws are effective at attacking unaware monsters.


Message History

You kill the orc!
Cheibriados appreciates the change of pace.
The orc priest begins to cast a cantrip, but forgets the words!
The centaur shoots an arrow.
The arrow misses you.
Okay, then.
Casting: Petrify
Confirm with . or Enter, or press ? or * to list all spells.
Aiming: Mephitic Cloud
Press: ? - help, Shift-Dir - straight line, f - centaur, p - orc priest
Aim: a centaur, wielding a shortbow The ball explodes into a vile cloud!
The stinking cloud engulfs the centaur.
The stinking cloud engulfs the orc priest.
You hear a shout!
You hear an angry buzzing noise. x2; You hear a croak.
You hear an angry buzzing noise.
You hear a shout!
The orc priest is engulfed in noxious fumes.
The orc priest appears confused.
The centaur is engulfed in noxious fumes.
The centaur appears confused.
The centaur is engulfed in noxious fumes.
The centaur appears confused.
You see here an orc corpse.
The centaur is engulfed in noxious fumes.
The centaur appears confused.
The centaur is engulfed in noxious fumes.
The centaur appears confused.
An orc comes into view. It is wielding a short sword.
The orc wizard completely misses you.
The orc moves out of view.
A bullfrog comes into view.
You see here an arrow.
You claw the orc wizard!
The orc wizard is almost dead.
You claw the orc wizard!
You kill the orc wizard!
Cheibriados thoroughly appreciates the change of pace.
Your Transmutations skill increases to level 6!
You scratch the centaur.
The centaur is lightly wounded.
A goblin comes into view. It is wielding a club.
The bullfrog misses you.
You barely miss the bullfrog.
The orc priest seems less confused.
The bullfrog hits you. x2
* * * LOW HITPOINT WARNING * * *
Unknown command.
Casting: Mephitic Cloud
Confirm with . or Enter, or press ? or * to list all spells.
Aiming: Petrify
Press: ? - help, Shift-Dir - straight line, f/p - centaur
Aim: a centaur, wielding a shortbow (lightly wounded, confused, chance to defeat MR: 60%)
The centaur is moving more slowly.
The bullfrog hits you.
* * * LOW HITPOINT WARNING * * *
Casting: Petrify
Confirm with . or Enter, or press ? or * to list all spells.
Aiming: Petrify
Press: ? - help, Shift-Dir - straight line, f - bullfrog, p - centaur
Aim: a bullfrog (chance to defeat MR: 60%)
The bullfrog is moving more slowly.
The bullfrog closely misses you.
The centaur unwields an uncursed shortbow.
The centaur hits the goblin!
The goblin is killed!
Cheibriados thoroughly appreciates the change of pace.
The bullfrog hits you.
* * * LOW HITPOINT WARNING * * *
Okay, then.
Casting: Petrify
Confirm with . or Enter, or press ? or * to list all spells.
Aiming: Petrify
Press: ? - help, Shift-Dir - straight line, f - orc priest, p - bullfrog
Aim: an orc priest (chance to defeat MR: 60%)
The orc priest is moving more slowly.
The bullfrog hits you.
* * * LOW HITPOINT WARNING * * *
The orc priest looks encouraged for a moment.
It was a potion of haste.
You feel yourself speed up.
Cheibriados forgives your accidental hurry, just this once.
The bullfrog completely misses you. The bullfrog misses you.
You scratch the orc priest but do no damage.
You bite the orc priest.
The orc priest is moderately wounded.
The centaur stops moving altogether!
The orc priest casts a cantrip, but nothing happens.
You scratch the orc priest.
The orc priest is moderately wounded.
The bullfrog stops moving altogether!
You pounce on the unaware helpless bullfrog!
You eviscerate the bullfrog!!!!
You kill the bullfrog!
The orc priest hits you.
* * * LOW HITPOINT WARNING * * *
You pounce on the helpless orc priest from behind!
You eviscerate the orc priest!!!
You kill the orc priest!
Cheibriados appreciates the change of pace. 2 orc wizards come into view.
The orc wizard shouts!
You pounce on the unaware helpless centaur!
You eviscerate the centaur!!!!
You kill the centaur!
The orc wizard shouts!
The orc wizard points at you and mumbles some strange words.
The magic dart hits you!
You die...

#.....##.....
####............
................
................
........)......
#########..........o.
#.......#.....)...o..
#.......#............ ..
#..)....#.).@........
....#####'###.(.?....####
........†.....)..>...#
...........†##########
.########..(# #####


You could see 2 orc wizards.

Vanquished Creatures
  A two-headed ogre (D:8)
  Pikel (D:5)
  A cyclops (D:8)
  Menkaure (D:5)
  A water moccasin (D:9)
  Duvessa (D:7)
  An ice beast (D:7)
  2 slaves
  A phantom (D:6)
  4 centaurs
  An ogre (D:6)
  2 bullfrogs
  Dowan (D:7)
  A water moccasin skeleton (D:8)
  A scorpion (D:8)
  A wyvern skeleton (D:9)
  2 crimson imps
  A centaur zombie (D:7)
  A hound (D:4)
  3 orc priests
  2 bullfrog skeletons
  An orc wizard (D:9)
  Ijyb (D:4)
  2 iguanas
  4 worker ants
  A worker ant zombie (D:7)
  6 adders
  2 oozes
  A worm (D:3)
  6 dart slugs
  3 leopard geckos
  12 orcs
  2 ball pythons
  9 bats
  4 giant cockroaches
  4 hobgoblins
  12 jackals
  2 quokkas
  6 frilled lizards
  9 goblins
  5 kobolds
  A leopard gecko skeleton (D:5)
  5 rats
128 creatures vanquished.

Vanquished Creatures (others)
  A slave (D:5)
  An orc wizard (D:5)
2 creatures vanquished.

Grand Total: 130 creatures vanquished

Notes
Turn   | Place    | Note
-------+----------+-------------------------------------------
     0 | D:1      | tidbits the Felid Earth Elementalist began the quest for the Orb.
     0 | D:1      | Reached XP level 1. HP: 7/7 MP: 4/4
    66 | D:1      | Reached skill level 3 in Stealth
    96 | D:1      | Reached skill level 1 in Unarmed Combat
   127 | D:1      | Reached XP level 2. HP: 11/11 MP: 4/6
   131 | D:1      | Learned a level 2 spell: Passwall
   255 | D:1      | Found a snail-covered altar of Cheibriados.
   295 | D:1      | Became a worshipper of Cheibriados the Contemplative
   427 | D:1      | Reached skill level 4 in Stealth
   442 | D:1      | Reached XP level 3. HP: 14/14 MP: 5/7
   490 | D:2      | Reached skill level 2 in Unarmed Combat
   655 | D:3      | Reached * piety under Cheibriados
   760 | D:2      | Reached XP level 4. HP: 14/18 MP: 8/8
   849 | D:4      | Found a staircase to the Ecumenical Temple.
   860 | D:4      | Reached skill level 5 in Stealth
   874 | D:4      | Found a shadowy altar of Dithmenos.
   913 | D:5      | Entered Level 5 of the Dungeon
   915 | D:5      | Noticed p0werm0de's ghost (amateur DrFE)
  1144 | D:3      | Reached skill level 3 in Unarmed Combat
  1168 | D:3      | Found a shimmering altar of Xom.
  1345 | D:4      | Reached XP level 5. HP: 21/21 MP: 7/9
  1350 | D:4      | Found a shattered altar of Ashenzari.
  1383 | D:4      | Reached ** piety under Cheibriados
  1393 | D:5      | Reached skill level 6 in Stealth
  1488 | D:6      | HP: 1/21 [orc priest/trident (11)]
  1497 | D:6      | Reached skill level 4 in Unarmed Combat
  1497 | D:6      | Gained mutation: You are covered in thick fur. (AC +2) [Felid growth]
  1497 | D:6      | Reached XP level 6. HP: 15/24 MP: 1/10
  1609 | D:6      | Noticed an orc warrior
  1672 | D:8      | Noticed a two-headed ogre
  1692 | D:7      | Reached skill level 7 in Stealth
  1796 | D:7      | Noticed Duvessa
  1796 | D:7      | Noticed Dowan
  1836 | D:7      | Killed Duvessa
  1842 | D:7      | Killed Dowan
  1842 | D:7      | Reached skill level 8 in Stealth
  1842 | D:7      | Reached skill level 5 in Unarmed Combat
  1842 | D:7      | Reached XP level 7. HP: 19/27 MP: 11/11
  1902 | D:5      | Noticed Pikel
  1912 | D:5      | HP: 3/40 [Pikel/whip of electrocution (3)]
  1915 | D:5      | Slain by Pikel
  1916 | D:5      | Reached XP level 6. HP: 0/36 MP: 18/19
  1977 | D:4      | Found an ornate altar of the Wu Jian Council.
  2011 | D:4      | Killed a slave
  2102 | D:4      | Noticed Ijyb
  2109 | D:4      | Killed Ijyb
  2120 | D:4      | Found a radiant altar of Vehumet.
  2261 | D:5      | Killed Pikel
  2261 | D:5      | Reached skill level 2 in Fighting
  2261 | D:5      | Reached skill level 9 in Stealth
  2261 | D:5      | Reached skill level 6 in Unarmed Combat
  2261 | D:5      | Reached XP level 7. HP: 30/30 MP: 11/11
  2304 | D:5      | Noticed Menkaure
  2305 | D:5      | Killed Menkaure
  2305 | D:5      | Reached *** piety under Cheibriados
  2305 | D:5      | Reached skill level 7 in Unarmed Combat
  2354 | D:6      | Reached skill level 3 in Fighting
  2354 | D:6      | Reached XP level 8. HP: 12/34 MP: 12/12
  2608 | D:7      | Found an opulent altar of Gozag.
  2689 | D:7      | Reached skill level 3 in Earth Magic
  2701 | D:7      | Reached skill level 2 in Transmutations
  2872 | D:8      | Noticed Erica
  2896 | D:8      | Learned a level 4 spell: Petrify
  2926 | D:8      | Demolished by a wyvern
  2927 | D:8      | Reached XP level 7. HP: -14/31 MP: 1/20
  2954 | D:9      | Noticed a yak
  2954 | D:9      | Noticed a yak
  2956 | D:9      | Noticed a yak
  2956 | D:9      | Noticed a yak
  3000 | D:8      | Reached skill level 3 in Transmutations
  3012 | D:8      | Noticed a two-headed ogre
  3022 | D:8      | Noticed Thaneod's ghost (novice TrBe)
  3024 | D:8      | Killed a two-headed ogre
  3024 | D:8      | Reached skill level 4 in Transmutations
  3024 | D:8      | Reached skill level 4 in Earth Magic
  3024 | D:8      | Reached XP level 8. HP: 27/34 MP: 10/12
  3051 | D:9      | Reached skill level 5 in Transmutations
  3076 | D:9      | Reached skill level 5 in Earth Magic
  3088 | D:9      | Learned a level 3 spell: Mephitic Cloud
  3113 | D:8      | Noticed a cyclops
  3123 | D:8      | Killed a cyclops
  3123 | D:8      | Reached XP level 9. HP: 38/38 MP: 14/14
  3200 | D:9      | Reached skill level 3 in Spellcasting
  3225 | D:9      | Reached skill level 6 in Transmutations
  3235 | D:9      | HP: 3/38 [orc priest (3)]
  3241 | D:9      | Killed from afar by an orc wizard

Skill      XL: |  1  2  3  4  5  6  7  8  9 |
---------------+----------------------------+-----
Stealth        | 3 4 5 6 9 |  9.7
Unarmed Combat | 1 2 3 4 6 7 |  7.6
Fighting       | 2 3 |  3.3
Earth Magic    | 4 5 |  5.8
Transmutations | 4 5 6 |  6.2
Spellcasting   | 3 |  3.4
Dodging        | |  2.8

Action                   |  1- 3 |  4- 6 |  7- 9 || total
-------------------------+-------+-------+-------++-------
Melee: Unarmed           |    23 |    77 |    55 ||   155
       Bite              |       |     5 |     5 ||    10
       Punch             |       |     1 |       ||     1
 Cast: Sandblast         |    38 |    55 |    62 ||   155
       Passwall          |       |     6 |     4 ||    10
       Petrify           |       |       |    12 ||    12
       Mephitic Cloud    |       |       |     1 ||     1
Evoke: Wand              |       |     2 |     8 ||    10
  Use: Potion            |     1 |    10 |     2 ||    13
       Scroll            |       |     1 |     2 ||     3
 Stab: Sleeping          |    15 |    10 |     6 ||    31
       Invisible         |       |     4 |       ||     4
       Petrified         |       |       |     8 ||     8
       Petrifying        |       |       |     1 ||     1
  Eat: Chunk             |     6 |     3 |     2 ||    11
Armor: Skin              |     4 |     3 |     4 ||    11
Dodge: Dodged            |    30 |    70 |   105 ||   205

Table legend:
 A = Turns spent in this place as a percentage of turns spent in the entire game.
 B = Non-inter-level travel turns spent in this place as a percentage of non-inter-level travel turns spent in the entire game.
 C = Inter-level travel turns spent in this place as a percentage of turns spent in this place.
 D = Turns resting spent in this place as a percentage of non-inter-level travel turns spent in this place.
 E = Turns spent auto-exploring this place as a percentage of non-inter-level travel turns spent in this place.
 F = Non-inter-level travel turns spent in this place divided by the number of levels of this place that you've seen.
                   A       B       C       D       E      F
               +-------+-------+-------+-------+-------+----------------------
         Total | 100.0 | 100.0 |   1.3 |   0.4 |   0.0 | 355.3
       Dungeon | 100.0 | 100.0 |   1.3 |   0.4 |   0.0 | 355.3
               +-------+-------+-------+-------+-------+----------------------

Table legend:
 A = Kills in this place as a percentage of kills in entire the game.
 B = Kills by you in this place as a percentage of kills by you in the entire game.
 C = Kills by friends in this place as a percentage of kills by friends in the entire game.
 D = Other kills in this place as a percentage of other kills in the entire game.
 E = Experience gained in this place as a percentage of experience gained in the entire game.
 F = Experience gained in this place divided by the number of levels of this place that you have seen.
                   A       B       C       D       E      F
               +-------+-------+-------+-------+-------+----------------------
         Total | 100.0 | 100.0 |   N/A | 100.0 | 100.0 | 529.3
       Dungeon | 100.0 | 100.0 |   N/A | 100.0 | 100.0 | 529.3
               +-------+-------+-------+-------+-------+----------------------

Vault maps used:
D:1:      onia_arrival_mini_spirals, serial_bayou_ford_a, cheibriados_altar_1
D:2:      overflow_temple_1_default, kennysheep_okawaru_gauntlet
D:3:      old_standard_altar
D:4:      nicolae_dithmenos_shadow_blocks, lemuel_coloured_pillars_altar,
          nicolae_overflow_hidden_temple, overflow_temple_1_default,
          minmay_temple_entry_large_hall, first_ration, hangedman_decor_points,
          minmay_misc_feat_tower, uniq_ijyb
D:5:      moated_statue, kennysheep_generic_room_2, uniq_pikel, uniq_menkaure
D:6:      serial_shops, nicolae_shop_statue_plus
D:7:      grunt_gozag_statues, uniq_duvessa
D:8:      uniq_erica
D:9:      grunt_temple_overflow_diamond, erik_orc_4, serial_shops,
          kennysheep_mini_moat
